 Dungeon Crawl Stone Soup version 0.19-a0-1589-ge51c82a (webtiles) character file.

92 HenryFlower the Chopper (level 4, -1/39 HPs)
             Began as a Hill Orc Fighter on Sept 16, 2016.
             Slain by Grinder (5 damage)
             ... on level 3 of the Dungeon.
             The game lasted 00:04:02 (2249 turns).

HenryFlower the Chopper (Hill Orc Fighter)          Turns: 2249, Time: 00:04:03

Health: -1/39      AC:  6    Str: 23    XL:     4   Next: 60%
Magic:  4/4        EV:  7    Int:  8    God:
Gold:   99         SH:  9    Dex: 11    Spells: 0 memorised, 3 levels left

rFire  . . .     SeeInvis .     a - +0 war axe
rCold  . . .     Gourm    .     b - +0 scale mail
rNeg   . . .     Faith    .     c - +0 shield
rPois  .         Spirit   .     (no helmet)
rElec  .         Dismiss  .     (no cloak)
rCorr  .         Reflect  .     (no gloves)
MR     .....     Harm     .     (no boots)
Stlth  ..........               (no amulet)
                                (no ring)
                                (no ring)

@: mighty
A: no striking features
a: no special abilities


You were on level 3 of the Dungeon.
You were not hungry.

You visited 1 branch of the dungeon, and saw 3 of its levels.

You collected 99 gold pieces.

Inventory:

Hand Weapons
 a - a +0 war axe (weapon)
Armour
 b - a +0 scale mail (worn)
 c - a +0 shield (worn)
Scrolls
 g - a scroll of identify {unknown}
 h - a scroll of fog
 k - a scroll of random uselessness {unknown}
 m - a scroll of blinking {unknown}
 o - a scroll of enchant weapon {unknown}
 p - a scroll of remove curse
 v - a scroll of teleportation {unknown}
Potions
 e - a potion of heal wounds {unknown}
 i - a potion of mutation {unknown}
 j - a potion of resistance {unknown}
 l - 2 potions of haste {unknown}
 n - a potion of beneficial mutation {unknown}
 s - a potion of agility {unknown}
 t - a potion of ambrosia {unknown}
Comestibles
 f - a bread ration
 q - 2 beef jerkies
 u - a slice of pizza


   Skills:
 - Level 3.6 Fighting
 + Level 6.2 Axes
 - Level 3.2 Armour
 - Level 3.2 Shields


You had 3 spell levels left.
You didn't know any spells.

Dungeon Overview and Level Annotations

Branches:
Dungeon (3/15)

Altars:

Annotations:
D:3 Grinder


Message History

Things that are here:
a club; a hobgoblin corpse You feel better.
Items here: )) †† a club x2; a hobgoblin corpse x2
You start resting.
You feel very mighty all of a sudden.
You slash Grinder!
Grinder is heavily wounded.
Grinder hits you.
* * * LOW HITPOINT WARNING * * *
You writhe in agony.
* * * LOW HITPOINT WARNING * * *
Unknown command.
You slash Grinder!
Grinder is almost dead.
Grinder hits you.
* * * LOW HITPOINT WARNING * * *
You writhe in agony.
You die...

#..........#.
#............
#.##<##.#####
#.##.##.####
#.........>#
####.##.##5#
#.##.##.#
#.##.##.#
#.##@##.#
###.##5##.#
#..........#
#.##.......$......
#######...#####
#.#.... #...###
#####


You could see Grinder.

Vanquished Creatures
  3 gnolls
  A worm (D:2)
  6 dart slugs
  2 leopard geckos (D:1)
  3 ball pythons
  2 bats
  3 giant cockroaches
  8 hobgoblins
  2 jackals (D:1)
  A quokka (D:2)
  A frilled lizard (D:2)
  5 goblins (D:1)
  4 kobolds (D:2)
  3 rats
44 creatures vanquished.

Notes
Turn   | Place    | Note
-------+----------+-------------------------------------------
     0 | D:1      | HenryFlower the Hill Orc Fighter began the quest for the Orb.
     0 | D:1      | Reached XP level 1. HP: 19/19 MP: 1/1
   138 | D:1      | Reached skill level 3 in Axes
   186 | D:1      | Reached XP level 2. HP: 26/26 MP: 2/2
   234 | D:1      | Reached skill level 4 in Axes
   569 | D:1      | Reached XP level 3. HP: 31/31 MP: 3/3
  1071 | D:2      | Reached skill level 5 in Axes
  1593 | D:1      | Reached XP level 4. HP: 39/39 MP: 4/4
  1946 | D:2      | Reached skill level 6 in Axes
  2205 | D:3      | Noticed Grinder
  2213 | D:3      | Paralysed by Grinder for 4 turns
  2230 | D:3      | Paralysed by Grinder for 6 turns
  2249 | D:3      | Slain by Grinder

Vault maps used:
D:1:      matt_arrival_refuge, minmay_fountain_box, st_stairs_1
D:3:      dk_noncrumbling_4, minivault_4, uniq_terence, uniq_grinder, uniq_robin

Skill      XL: |  1  2  3  4 |
---------------+-------------+-----
Axes           | 3 4 5 6 |  6.2
Fighting       | |  3.6
Armour         | |  3.2
Shields        | |  3.2

Action                   |  1- 3 |  4- 6 || total
-------------------------+-------+-------++-------
Melee: War axe           |    87 |    47 ||   134
  Use: Scroll            |       |     2 ||     2
       Potion            |       |     2 ||     2
  Eat: Bread ration      |     1 |       ||     1
Armor: Scale mail        |    30 |    12 ||    42
Dodge: Dodged            |    18 |    21 ||    39
Block: Shield            |    55 |    29 ||    84
